 Dungeon Crawl Stone Soup version 0.17.2-1-ge4368a0 (webtiles) character file.

52 Goblin1989 the Twirler (level 3, -5/26 HPs)
             Began as a Demonspawn Wanderer on Aug 5, 2016.
             Was a Follower of Makhleb.
             Slain by a worm (6 damage)
             ... on level 2 of the Dungeon.
             The game lasted 00:02:59 (1600 turns).

Goblin1989 the Twirler (Demonspawn Wanderer)        Turns: 1600, Time: 00:02:59

Health: -5/26      AC:  2    Str: 11    XL:     3   Next: 60%
Magic:  3/3        EV: 11    Int: 16    God:    Makhleb [*.....]
Gold:   98         SH:  0    Dex: 11    Spells: 0 memorised, 2 levels left

rFire  . . .     SeeInvis .     b - +0 quarterstaff
rCold  . . .     Clarity  .     d - +0 robe
rNeg   . . .     SustAt   .     (shield currently unavailable)
rPois  .         Gourm    .     (helmet restricted)
rElec  .         Spirit   .     (no cloak)
rCorr  .         Warding  .     (no gloves)
rMut   .         Stasis   .     (no boots)
MR     .....                    (no amulet)
Stlth  ++........               (no ring)
                                (no ring)

@: not resistant to hostile enchantments, unstealthy
A: horns 1
a: Renounce Religion


You were on level 2 of the Dungeon.
You worshipped Makhleb.
Makhleb was aware of your devotion.
You were hungry.

You visited 1 branch of the dungeon, and saw 2 of its levels.

You collected 98 gold pieces.

Inventory:

Hand Weapons
 b - a +0 quarterstaff (weapon)
 e - a +0 dagger
Missiles
 g - 108 stones (quivered)
Armour
 d - a +0 robe (worn)
Scrolls
 h - 2 scrolls of recharging {unknown}
 l - 5 scrolls of remove curse {unknown}
 m - a scroll of immolation {unknown}
 o - 2 scrolls of identify {unknown}
Potions
 c - a potion of curing
 j - a potion of magic {unknown}
 n - a potion of heal wounds {unknown}
 p - a potion of haste {unknown}
Books
 a - a book of Geomancy

   Spells                             Type                      Level
   a - Sandblast                      Earth                        1
   b - Stoneskin                      Transmutation/Earth          2
   c - Passwall                       Transmutation/Earth          3
   d - Stone Arrow                    Conjuration/Earth            3
   e - Petrify                        Transmutation/Earth          4
   f - Lee's Rapid Deconstruction     Earth                        5
Comestibles
 f - a bread ration
 k - 2 meat rations


   Skills:
 - Level 1.0 Fighting
 + Level 3.0 Staves
 - Level 2.6 Stealth
 - Level 2.6 Unarmed Combat
   Level 1.0 Translocations
   Level 1.7 Earth Magic


You had 2 spell levels left.
You didn't know any spells.

Dungeon Overview and Level Annotations

Branches:
Dungeon (2/15)

Altars:
Makhleb


Innate Abilities, Weirdness & Mutations

You have a pair of small horns on your head.


Message History

You hit the worm.
The worm is severely wounded.
A jackal comes into view.
You barely miss the worm.
The worm is severely wounded.
The worm bites you.
A jackal comes into view.
You take 3 damage, and have 9/26 hp.
The jackal barks! x2
You hit the worm.
The worm is severely wounded.
The worm bites you!
* * * LOW HITPOINT WARNING * * *
You take 8 damage, and have 1/26 hp.
MASSIVE DAMAGE!!
You barely miss the worm.
The worm is severely wounded.
You completely miss the worm.
The worm is severely wounded.
The worm bites you.
You die...

###### .....#
.#.....#.....#.#
..!...........# #
.....#.......#
#.##...#.......#
........$......# ...
#.............. ###...
#†@...### #....[
#...hw#....>####
#.....
#....####......###...#
#..h. #......##...>#
..... ##..#........#
..... ...(.##......###
...# #.............#..
... #..........†.....
##.........######


You could see a worm and 2 jackals.

Vanquished Creatures
  An adder (D:2)
  An ooze (D:1)
  A worm (D:2)
  2 giant geckos (D:1)
  2 giant cockroaches
  7 goblins
  4 jackals (D:1)
  6 kobolds
  3 bats
  2 giant newts
  4 rats (D:1)
33 creatures vanquished.

Notes
Turn   | Place    | Note
--------------------------------------------------------------
     0 | D:1      | Goblin1989 the Demonspawn Wanderer began the quest for the Orb.
     0 | D:1      | Goblin1989 set off with: a book of Geomancy, a +0 quarterstaff, a potion of curing, a +0 robe, a +0 dagger, a bread ration
     0 | D:1      | Reached XP level 1. HP: 15/15 MP: 1/1
    97 | D:1      | Reached skill level 1 in Staves
   184 | D:1      | Gained mutation: You have a pair of small horns on your head. [demonic ancestry]
   184 | D:1      | Reached XP level 2. HP: 19/21 MP: 2/2
   646 | D:1      | Reached XP level 3. HP: 6/26 MP: 3/3
  1125 | D:2      | Found a faded altar to an unknown god.
  1179 | D:2      | Became a worshipper of Makhleb the Destroyer
  1179 | D:2      | Reached * piety under Makhleb
  1581 | D:2      | Reached skill level 3 in Staves
  1598 | D:2      | HP: 1/26 [worm (8)]
  1600 | D:2      | Slain by a worm

Action                   || total
-------------------------++-------
Melee: Quarterstaff      ||   100
 Stab: Sleeping          ||     4
  Eat: Beef jerky        ||     1
